AoeStats
← CinderCloud

Lombardia

509764247Analyzed
4v4 RM · 4d ago on Sep 27, 2026· 41m 6s· 8 players
Game mode
Random Map
Map size
Large (8 player)
Population
200
Speed
Normal
Resources
Standard
Victory
Conquest
Starting age
Dark Age
Ending age
Imperial Age
RankedLock teamsTeams togetherTeam positionsShared explorationLock speedFull tech treeHidden civsTurbo modeCheats
Victory
Defeat
1160
+15
🇺🇸 Hindustanis · United States
1143
+15
🇺🇸 Lithuanians · United States
1141
+16
🇲🇽 Saracens · Mexico
1128
+16
🇵🇦 Persians · Panama
1207
-19
🇲🇽 Mongols · Mexico
1170
-17
🇲🇽 Saracens · Mexico
1078
-13
🇧🇪 Byzantines · Belgium
1075
-13
CinderCloud
1:53 Loom
9:54 Feudal Age
10:33 Double-Bit Axe
12:55 Forging
13:27 Scale Barding Armor
14:02 Horse Collar
19:15 Bloodlines
25:45 Castle Age
25:08 Gold Mining
25:11 Stone Mining
27:03 Iron Casting
26:38 Bow Saw
27:29 Husbandry
28:28 Gold Shaft Mining
29:08 Light Cavalry
37:02 Wheelbarrow
39:45 Imperial Age
41:27 Chemistry
41:32 Two-Man Saw
40:35 Heavy Plow
41:14 Stone Shaft Mining
41:02 Conscription
40:34 Heavy Camel Rider
DroppingKnowLedge SOuUU! ツ
10:22 Feudal Age
10:48 Double-Bit Axe
20:20 Castle Age
18:11 Horse Collar
21:00 Loom
21:55 Wheelbarrow
21:07 Town Watch
21:54 Bow Saw
21:46 Heavy Plow
24:12 Scale Barding Armor
24:14 Gold Mining
25:20 Chain Barding Armor
25:16 Forging
25:49 Husbandry
28:48 Iron Casting
29:48 Hand Cart
31:51 Light Cavalry
32:41 Stone Mining
34:20 Stone Shaft Mining
33:55 Town Patrol
33:58 Caravan
33:51 Fletching
34:02 Scale Mail Armor
38:55 Imperial Age
38:05 Bloodlines
37:54 Bodkin Arrow
39:36 Cavalier
40:59 Guilds
41:19 Coinage
42:25 Two-Man Saw
Flave Tycoon
11:28 Feudal Age
15:09 Castle Age
13:06 Double-Bit Axe
13:05 Horse Collar
16:55 Wheelbarrow
20:51 Scale Barding Armor
23:28 Hand Cart
24:18 Bloodlines
25:07 Chain Barding Armor
25:02 Forging
39:52 Imperial Age
38:23 Loom
38:24 Town Watch
38:56 Bow Saw
38:49 Heavy Plow
38:42 Gold Mining
42:05 Conscription
mnmoose
3:40 Loom
11:49 Feudal Age
18:33 Castle Age
19:28 Town Watch
24:56 Double-Bit Axe
39:25 Wheelbarrow
38:57 Scale Barding Armor
39:10 Gold Mining
39:14 Stone Mining
42:13 Imperial Age
40:04 Bow Saw
39:34 Horse Collar
40:31 Gold Shaft Mining
41:05 Hand Cart
Iztacoyolt
5:06 Loom
8:19 Feudal Age
9:48 Town Watch
10:42 Wheelbarrow
11:05 Double-Bit Axe
21:04 Castle Age
19:09 Horse Collar
20:13 Gold Mining
20:40 Scale Barding Armor
21:52 Bloodlines
23:20 Forging
27:26 Chain Barding Armor
33:57 Stone Mining
36:00 Iron Casting
York
6:12 Loom
8:59 Feudal Age
9:27 Double-Bit Axe
12:15 Forging
12:16 Horse Collar
14:51 Scale Barding Armor
22:07 Castle Age
22:43 Bloodlines
22:35 Husbandry
22:44 Light Cavalry
24:38 Chain Barding Armor
25:10 Iron Casting
31:55 Wheelbarrow
32:44 Bow Saw
38:13 Imperial Age
36:27 Fletching
36:35 Murder Holes
37:24 Ballistics
37:15 Masonry
37:12 Heavy Plow
37:42 Bodkin Arrow
37:49 Gold Mining
37:52 Stone Mining
38:24 Caravan
38:57 Conscription
39:15 Plate Barding Armor
39:48 Blast Furnace
39:40 Elite War Elephant
41:45 Crop Rotation
Tangafair
1:26 Loom
13:27 Feudal Age
19:45 Castle Age
21:06 Double-Bit Axe
24:22 Horse Collar
25:54 Wheelbarrow
30:41 Treadmill Crane
31:10 Fletching
31:38 Fortified Wall
34:43 Ballistics
35:29 Forging
35:25 Scale Barding Armor
35:11 Fletching
38:01 Imperial Age
35:44 Forging
35:39 Scale Barding Armor
36:34 Greek Fire
38:15 Murder Holes
40:50 Husbandry
oOoOo_oO
7:46 Loom
10:18 Feudal Age
10:54 Double-Bit Axe
11:26 Town Watch
12:41 Wheelbarrow
18:49 Fletching
19:00 Padded Archer Armor
24:21 Castle Age
22:28 Horse Collar
24:30 Crossbowman
25:46 Bodkin Arrow
26:53 Ballistics
28:18 Leather Archer Armor
35:48 Bow Saw
Connection lost

Rejoining the realm…

Still unreachable

The connection could not be restored.

Session expired

The server has moved on; the page needs a fresh start.